 Dungeon Crawl Stone Soup version 0.18.1-1-g2f07953 (webtiles) character file.

74 IcyTea the Gusty (level 4, 0/39 HPs)
             Began as an Ogre Air Elementalist on May 7, 2016.
             Killed from afar by Natasha (8 damage)
             ... with a magic dart
             ... on level 1 of the Dungeon.
             The game lasted 00:05:20 (1336 turns).

IcyTea the Gusty (Ogre Air Elementalist)            Turns: 1336, Time: 00:05:21

Health: 0/39       AC:  3    Str: 14    XL:     4   Next: 28%
Magic:  0/7        EV: 10    Int: 14    God:
Gold:   28         SH:  0    Dex: 10    Spells: 3 memorised, 2 levels left

rFire  . . .     SeeInvis .     e - +0 short sword
rCold  . . .     Gourm    .     a - +0 robe
rNeg   . . .     Faith    .     (no shield)
rPois  .         Spirit   .     (helmet restricted)
rElec  .         Dismiss  .     (no cloak)
rCorr  .         Reflect  .     (gloves unavailable)
SustAt .         Harm     .     (boots unavailable)
MR     .....                    (no amulet)
Stlth  +.........               (no ring)
                                (no ring)

@: very slightly contaminated, not resistant to hostile enchantments, very
unstealthy
A: unfitting armour, tough skin 1
a: no special abilities


You were on level 1 of the Dungeon.
You were not hungry.

You visited 1 branch of the dungeon, and saw 2 of its levels.

You collected 28 gold pieces.

Inventory:

Hand Weapons
 e - a +0 short sword (weapon)
Armour
 a - a +0 robe (worn)
Scrolls
 g - a scroll of identify
 i - a scroll of remove curse {unknown}
Potions
 h - a potion of brilliance {unknown}
Books
 b - a book of Air

   Spells                             Type                      Level
   a - Shock                          Conjuration/Air              1
   b - Swiftness                      Charms/Air                   2
   c - Repel Missiles                 Charms/Air                   2
   d - Static Discharge               Conjuration/Air              3
   e - Lightning Bolt                 Conjuration/Air              5
Comestibles
 c - a bread ration
 f - a beef jerky
 j - a chunk of flesh


   Skills:
 - Level 1.7 Dodging
 - Level 1.5 Stealth
 - Level 2.4 Spellcasting
 - Level 0.6 Conjurations
 + Level 1.9 Charms
 - Level 3.0 Air Magic


You had 2 spell levels left.
You knew the following spells:

 Your Spells              Type           Power        Failure   Level  Hunger
a - Shock                 Conj/Air       #...         14%         1    #......
b - Swiftness             Chrm/Air       #.......     14%         2    ###....
c - Repel Missiles        Chrm/Air       #.....       14%         2    ###....


Dungeon Overview and Level Annotations

Branches:
Dungeon (2/15)

Altars:

Annotations:
D:1 1 runed door, Natasha


Innate Abilities, Weirdness & Mutations

You are too large for most types of armour.
You have tough skin (AC +1).


Message History

* * * LOW HITPOINT WARNING * * *
Casting: Shock
Confirm with . or Enter, or press ? or * to list all spells.
Aiming: Shock
Press: ? - help, Shift-Dir - straight line, f/p - iron imp
Aim: an iron imp (summoned)
The zap hits Natasha.
Natasha is severely wounded.
The zap hits the iron imp.
The iron imp completely resists.
The zap misses the iron imp.
Natasha barely misses you.
Drink which item? (? for menu, Esc to quit)
You feel better. Natasha claws you.
* * * LOW HITPOINT WARNING * * *
Natasha wildly gestures.
Natasha's fingertips start to glow.
Natasha howls an incantation.
Natasha's fingertips start to glow.
Natasha casts a spell at you. The magic dart hits you!
You die...

.# #..# #.##.#### #### .# ##.##
#.##.##.# #... .# #..# #.##....#
##..
###############.####.##....####..
.................................
.##############.####...#####.##..
.......# #.## #.#.# #.....
.......# #).# #.#.# ####..
.).....# ##@# #.#.# #.. .......#
#.###.#.# #.. .......# #..##.#.#
#.. .......# ##.##.#.# #..
.......###### #h.#.#.# #..
............## ##5#.#.# #..
'#####..##...####.5..#.# ###
.#.............5.....#.#
.#.###'#######'###...#)#


You could see an iron imp, Natasha and a white imp.

Vanquished Creatures
  Natasha (twice) (D:1)
  A dart slug (D:1)
  A bat (D:2)
  A giant cockroach (D:2)
  6 goblins (D:1)
  3 hobgoblins (D:1)
  A quokka (D:1)
  A giant newt (D:1)
  2 kobolds (D:1)
  4 rats (D:1)
22 creatures vanquished.

Notes
Turn   | Place    | Note
--------------------------------------------------------------
     0 | D:1      | IcyTea the Ogre Air Elementalist began the quest for the Orb.
     0 | D:1      | Reached XP level 1. HP: 16/16 MP: 3/3
     0 | D:1      | Noticed a jelly
     1 | D:1      | Found a runed door.
   185 | D:1      | Reached XP level 2. HP: 20/24 MP: 0/5
   189 | D:1      | Learned a level 2 spell: Swiftness
   192 | D:1      | Learned a level 2 spell: Repel Missiles
   746 | D:2      | Reached skill level 3 in Air Magic
   756 | D:2      | Reached XP level 3. HP: 28/31 MP: 6/6
   766 | D:2      | Noticed Natasha
   931 | D:1      | Killed Natasha
   931 | D:1      | Reached skill level 1 in Charms
  1252 | D:1      | Noticed Natasha
  1257 | D:1      | Killed Natasha
  1257 | D:1      | Reached XP level 4. HP: 30/39 MP: 4/7
  1316 | D:1      | Noticed Natasha
  1336 | D:1      | Killed from afar by Natasha

Skill      XL: |  1  2  3 |
---------------+----------+-----
Air Magic      | 3 |  3.0
Charms         | 1 |  1.9
Dodging        | |  1.7
Stealth        | |  1.5
Spellcasting   | |  2.4
Conjurations   | |  0.6

Action                   |  1- 3 |  4- 6 || total
-------------------------+-------+-------++-------
Melee: Short sword       |    69 |     2 ||    71
 Cast: Shock             |    22 |     8 ||    30
  Use: Scroll            |     1 |       ||     1
       Potion            |       |     1 ||     1
 Stab: Sleeping          |     1 |       ||     1
  Eat: Chunk             |     1 |     1 ||     2
Armor: Robe              |    17 |     1 ||    18
Dodge: Dodged            |    36 |     4 ||    40
